 Dungeon Crawl Stone Soup version 0.28-a0-1395-g4f6bc678fa (webtiles) character file.

Game seed: 14035258228831501247

83 2tousent the Sneak (level 4, 24/30 HPs)
             Began as a Vampire Enchanter on Jan 4, 2022.
             Was a Follower of Okawaru.
             Quit the game on level 2 of the Dungeon.
             The game lasted 00:02:56 (1291 turns).

2tousent the Sneak (Vampire Enchanter)              Turns: 1291, Time: 00:02:57

Health: 24/30      AC:  2    Str:  7    XL:     4   Next: 22%
Magic:  3/7        EV: 12    Int: 17    God:    Okawaru [*.....]
Gold:   52         SH:  0    Dex: 16    Spells: 5/7 levels left

rFire   . . .      SeeInvis +   a - +1 dagger
rCold   . . .      Faith    .   (no shield)
rNeg    . . .      Spirit   .   b - +0 robe
rPois   .          Reflect  .   (no helmet)
rElec   .          Harm     .   (no cloak)
rCorr   .          Rampage  .   (no gloves)
Will    .....                   (no boots)
Stlth   +++.......              (no amulet)
HPRegen 0.30/turn               (no ring)
MPRegen 0.10/turn               (no ring)

@: healing quickly
A: alive, fangs 3, see invisible, vampiric 2
a: Exsanguinate, Renounce Religion, Heroism


You were on level 2 of the Dungeon.
You worshipped Okawaru.
Okawaru was aware of your devotion.
You visited 1 branch of the dungeon, and saw 2 of its levels.

You collected 52 gold pieces.

Inventory:

Hand Weapons
 a - a +1 dagger (weapon)
Armour
 b - a +0 robe (worn)
Scrolls
 c - a scroll of immolation {unknown}
Potions
 d - a potion of lignification {unknown}


   Skills:
 + Level 2.2 Short Blades
 - Level 2.1 Dodging
 - Level 6.0 Stealth
 - Level 2.0 Spellcasting
 * Level 5.8 Hexes


You had 5 spell levels left.
You knew the following spells:

 Your Spells              Type           Power      Damage    Failure   Level
a - Ensorcelled Hibernat  Hex/Ice        22%        N/A       9%          2

Your spell library contained the following spells:

 Spells                   Type           Power      Damage    Failure   Level
 Confusing Touch          Hex            21%        N/A       5%          3
 Dazzling Flash           Conj/Hex       22%        N/A       17%         3
 Tukima's Dance           Hex            Unusable   N/A       N/A         3

Dungeon Overview and Level Annotations

Branches:
Dungeon (2/15)

Altars:
Okawaru


Innate Abilities, Weirdness & Mutations

Your natural rate of healing is accelerated.
You have razor-sharp teeth.
You have supernaturally acute eyesight. (SInv)
You are afflicted with vampirism and can become a bat while bloodless.


Message History

The jackal is severely wounded.
The jackal misses you.
You hit the jackal but do no damage.
The jackal is severely wounded.
The jackal bites you.
You hit the jackal but do no damage.
The jackal is severely wounded.
The jackal bites you. The jackal misses you.
You closely miss the jackal.
The jackal is severely wounded.
The jackal bites you.
You hit the jackal.
You kill the jackal!
You closely miss the jackal. Your bite misses the jackal.
The jackal barely misses you. The jackal completely misses you.
You hit the jackal. You bite the jackal.
The jackal is severely wounded.
The jackal bites you but does no damage.
Casting: Ensorcelled Hibernation (safe; 9% risk of failure)
Confirm with . or Enter, or press ? or * to list all spells.
Aiming: Ensorcelled Hibernation (safe; 9% risk of failure)
Press: ? - help, Shift-Dir - straight line, f - jackal
Aim: a jackal (severely wounded, chance to affect: 62%)
The jackal looks drowsy...
The helpless jackal fails to defend itself.
You impale the jackal!!
You kill the jackal!
You see here a jackal corpse.
There is a fountain of clear blue water here.
There is a faded altar of an unknown god here.
You cannot tell which god this altar belongs to.
Convert to them anyway?
Okawaru accepts your prayer! Okawaru welcomes you!
You can now gain great but temporary skills.
Drop what? 4/52 slots (_ for help) (? for menu, Esc to quit)
Okay, then.
Are you sure you want to abandon this character and quit the game? (Confirm with "yes".)
Okay, then.
Autopickup is now off.
Are you sure you want to abandon this character and quit the game? (Confirm with "yes".)

#.. ......# #.. ..
#..........# #..
#.#.##....##..#.######..
..........##...... .....
#.#.##....#...#.######..
................#.......
.....8.⌠.8..............
####.......#.##...####.#
#....⌠.@.⌠...†.....# #.#
#..........[###....###.#
#....8.⌠.8.## #.........
#............ #....###†#
#...##.#.....+..........
#............##.........
.................#.###.#
## ..............#.# #..
#..


There were no monsters in sight!

Vanquished Creatures
  Robin (D:2)
  An adder (D:2)
  2 worms (D:2)
  A dart slug (D:2)
  An endoplasm (D:1)
  5 giant cockroaches
  15 goblins
  3 hobgoblins
  4 jackals (D:2)
  8 ball pythons
  A bat (D:2)
  4 frilled lizards
  2 kobolds (D:1)
  6 rats
54 creatures vanquished.

Notes
Turn   | Place    | Note
-------+----------+-------------------------------------------
     0 | D:1      | 2tousent the Vampire Enchanter began the quest for the Orb.
     0 | D:1      | Reached XP level 1. HP: 13/13 MP: 3/3
   135 | D:1      | Reached XP level 2. HP: 17/19 MP: 5/5
   145 | D:1      | Learned a level 2 spell: Ensorcelled Hibernation
   349 | D:1      | Reached skill level 5 in Stealth
   414 | D:1      | Reached skill level 5 in Hexes
   763 | D:2      | Gained mutation: You are afflicted with vampirism and can
                  | become a bat while bloodless. [Vampire growth]
   763 | D:2      | Reached XP level 3. HP: 11/24 MP: 3/6
   895 | D:2      | Noticed Robin
   959 | D:2      | Killed Robin
  1115 | D:2      | Reached XP level 4. HP: 30/30 MP: 7/7
  1190 | D:2      | Reached skill level 6 in Stealth
  1249 | D:2      | Found a faded altar of an unknown god.
  1290 | D:2      | Prayed at the altar of an unknown god.
  1290 | D:2      | Became a worshipper of Warmaster Okawaru
  1290 | D:2      | Reached * piety under Okawaru
  1291 | D:2      | Quit the game

Illustrated notes

Levels and vault maps discovered:
D:1:      minmay_arrival_wavy_path, layout_basic, palyth_stone_intersect,
          serial_bayou_pond_a, minmay_pentomino_p2
D:2:      layout_basic, hellmonk_ecumenical_altar_dog_temple,
          minmay_misc_feat_roman, minmay_misc_feat_room, uniq_robin

Skill      XL: |  1  2  3  4 |
---------------+-------------+-----
Stealth        | 5 6 |  6.0
Hexes          | 5 |  5.8
Short Blades   | 2 |  2.2
Dodging        | |  2.1
Spellcasting   | |  2.0

Action                   |  1- 3 |  4- 6 || total
-------------------------+-------+-------++-------
Melee: Dagger            |   137 |    37 ||   174
       Bite              |    13 |     3 ||    16
 Cast: Ensorcelled Hiber |     6 |     2 ||     8
  Use: Potion            |     1 |       ||     1
 Stab: Sleeping          |    15 |     2 ||    17
       Invisible         |     4 |       ||     4
Armor: Robe              |    12 |     7 ||    19
Dodge: Dodged            |    87 |    30 ||   117

Table legend: (Time is in decaauts)
 A = Elapsed time spent in this place.
 B = Non-inter-level travel time spent in this place.
 C = Inter-level travel time spent in this place.
 D = Time resting spent in this place.
 E = Time spent auto-exploring this place.
 F = Levels seen in this place.
 G = Mean time per level.
                   A        B        C        D        E       F      G
               +--------+--------+--------+--------+--------+-----+--------+
         Total |   1278 |   1269 |      9 |      4 |    867 |   2 |  639.0 |
       Dungeon |   1278 |   1269 |      9 |      4 |    867 |   2 |  639.0 |
               +--------+--------+--------+--------+--------+-----+--------+

Top non-repeatable levels by time:
     D:1: 736 daAuts
     D:2: 541 daAuts
